Map: 어센션 투 아이어 - 래더

Players

DnS - Winner!

  • Race: Protoss Protoss
  • Spawn Location: 11:00

PiLiPiLi

  • Race: Protoss Protoss
  • Spawn Location: 5:00

Event: WCS Montreal 2017

VOD

Have the link to the VOD?

Description

Time

  • Played on: Sept. 8, 2017, 7:37 p.m.
  • Length: 7:56

All games in this series

Show
View Real Time Build Order
Export as new Build Order

DnS Protoss - Winner!

Build Orders:  

Get SALT Encoding   

  12  0:00  Probe (Chrono Boost)  
  13  0:11  Probe (Chrono Boost)  
  14  0:18  Pylon  
  14  0:22  Probe (Chrono Boost)  
  15  0:36  Probe (Chrono Boost), Gateway  
  15  0:42  Assimilator  
  16  0:47  Probe (Chrono Boost)  
  17  0:52  Assimilator  
  17  0:57  Probe (Chrono Boost)  
  18  1:05  Pylon  
  18  1:08  Probe (Chrono Boost)  
  20  1:18  Probe (Chrono Boost)  
  20  1:20  Gateway  
  22  1:31  Probe  
  23  1:38  Cybernetics Core  
  21  1:43  Probe (Chrono Boost)  
  22  1:54  Probe (Chrono Boost)  
  23  2:07  Probe (Chrono Boost)  
  24  2:14  Stalker x2  
  24  2:15  Warp Gate (Chrono Boost)  
  28  2:18  Pylon  
  28  2:19  Mothership Core  
  30  2:40  Probe  
  31  2:49  Nexus  
  31  2:53  Sentry x2  
  31  2:58  Probe  
  36  3:03  Pylon  
  36  3:12  Probe  
  37  3:18  Robotics Facility  
  37  3:24  Probe  
  38  3:34  Pylon  
  38  3:36  Probe  
  39  3:42  Twilight Council  
  39  3:48  Probe (Chrono Boost)  
  40  3:59  Probe (Chrono Boost)  
  40  4:02  Probe (Chrono Boost)  
  42  4:03  Stalker x2  
  42  4:07  Observer  
  42  4:09  Probe (Chrono Boost)  
  48  4:13  Probe (Chrono Boost)  
  49  4:20  Probe (Chrono Boost)  
  49  4:23  Probe (Chrono Boost)  
  51  4:30  Probe (Chrono Boost)  
  52  4:32  Probe (Chrono Boost)  
  53  4:43  Immortal (Chrono Boost)  
  59  4:48  Pylon  
  49  4:57  Pylon  
  33  5:19  Stalker x2  
  33  5:21  Immortal (Chrono Boost)  
  39  5:29  Probe x2  
  41  5:41  Probe  
  42  5:45  Probe  
  43  5:53  Probe  
  43  5:54  Warp Prism (Chrono Boost)  
  43  5:55  Probe  
  46  5:58  Sentry  
  46  6:00  Stalker  
  51  6:26  Adept  
  51  6:29  Adept  
  55  6:39  Immortal (Chrono Boost)  
  55  6:56  Mothership Core, Adept  
  55  6:57  Adept  
  55  7:10  Probe  
  55  7:11  Gateway  
  55  7:15  Probe, Pylon  
  56  7:19  Adept x2  
  61  7:25  Mothership Core  
  59  7:30  Probe  
  60  7:42  Probe  
  60  7:43  Adept x2  
Show
View Real Time Build Order
Export as new Build Order

PiLiPiLi Protoss 

Build Orders:  

Get SALT Encoding   

  12  0:00  Probe (Chrono Boost)  
  13  0:11  Probe (Chrono Boost)  
  14  0:17  Pylon  
  14  0:22  Probe (Chrono Boost)  
  16  0:35  Probe (Chrono Boost)  
  16  0:38  Gateway  
  16  0:46  Probe (Chrono Boost)  
  16  0:47  Assimilator  
  17  0:56  Probe (Chrono Boost)  
  18  1:00  Assimilator  
  18  1:04  Pylon  
  18  1:07  Probe (Chrono Boost)  
  19  1:18  Probe (Chrono Boost)  
  20  1:28  Probe (Chrono Boost)  
  20  1:29  Cybernetics Core  
  21  1:35  Pylon  
  21  1:39  Probe (Chrono Boost)  
  22  1:49  Probe (Chrono Boost)  
  22  1:50  Pylon  
  23  2:05  Warp Gate (Chrono Boost)  
  23  2:06  Stalker  
  23  2:07  Mothership Core  
  27  2:25  Robotics Facility  
  27  2:38  Stalker  
  29  2:54  Gateway  
  29  2:55  Gateway  
  29  2:57  Gateway  
  29  3:00  Pylon  
  29  3:09  Stalker  
  31  3:18  Warp Prism (Chrono Boost)  
  33  3:39  Pylon  
  33  3:40  Pylon  
  33  3:54  Stalker x2  
  33  3:55  Stalker  
  39  4:36  Stalker x4  
  47  5:06  Stalker x2  
  49  5:07  Stalker  
  49  5:09  Warp Prism (Chrono Boost)  
  39  5:16  Stalker x4  
  35  5:39  Sentry  
  35  5:40  Sentry x2, Adept  
  42  6:04  Stalker x2, Adept x2  
  46  6:27  Adept x4  
  52  6:50  Adept  
  52  6:54  Adept x2  
  50  7:08  Adept  
  48  7:11  Stalker  
  48  7:12  Stalker  
  48  7:14  Sentry  
  54  7:29  Adept  
  48  7:32  Adept  
  50  7:37  Adept x2  
Tags
 
Add a new tag
Caveats
  • Supply blocks, unpowered buildings, or Contaminate may cause inaccurate times.
  • Supply counts are checked every 10 seconds.